AoeStats
← Everest_Эверест

Pilgrims

509905398Analyzed
4v4 RM · 3d ago on Sep 28, 2026· 72m 7s· 8 players
Game mode
Random Map
Map size
Large (8 player)
Population
200
Speed
Normal
Resources
Standard
Victory
Conquest
Starting age
Dark Age
Ending age
Imperial Age
RankedLock teamsTeams togetherTeam positionsShared explorationLock speedFull tech treeHidden civsTurbo modeCheats
Victory
Defeat
🇮🇩 Huns · Indonesia
951
+16
🇦🇷 Huns · Argentina
938
+16
🇺🇸 Magyars · United States
881
+19
🇮🇩 Danes · Indonesia
864
+19
🇲🇽 Khmer · Mexico
989
-19
🇮🇪 Varangians · Ireland
964
-18
920
-17
🇷🇺 Persians · Russia
909
-16
Thats How We do action in Uganda
5:53 Loom
17:48 Feudal Age
19:04 Horse Collar
19:12 Double-Bit Axe
22:42 Castle Age
21:05 Stone Mining
21:08 Gold Mining
21:43 Fishing Lines
24:00 Bow Saw
23:51 Heavy Plow
24:04 Scale Barding Armor
24:19 Gillnets
25:13 Wheelbarrow
24:23 Town Watch
25:00 Bloodlines
25:13 Chain Barding Armor
25:33 Husbandry
26:33 Hand Cart
26:02 Light Cavalry
35:59 Fletching
36:09 Padded Archer Armor
39:32 Ballistics
39:07 Murder Holes
42:51 Imperial Age
42:28 Treadmill Crane
42:59 Masonry
43:06 Cavalier
43:10 Hussar
44:56 Plate Barding Armor
45:58 Conscription
48:09 Two-Man Saw
48:49 Chemistry
47:47 Paladin
55:03 Crop Rotation
Moonblossom
10:43 Feudal Age
11:08 Loom
15:05 Castle Age
13:27 Double-Bit Axe
13:32 Fishing Lines
16:44 Gillnets
17:43 Wheelbarrow
18:10 Town Watch
19:10 Stone Mining
19:13 Gold Mining
20:34 Hand Cart
25:20 Medium Warships
27:15 Gold Shaft Mining
27:19 Stone Shaft Mining
27:01 Horse Collar
32:08 Imperial Age
32:20 Ballistics
33:48 Bow Saw
33:51 Heavy Plow
34:33 Conscription
33:38 Elite Ballista Elephant
37:10 Chemistry
36:19 Scale Barding Armor
36:27 Forging
55:11 Crop Rotation
55:29 Double Crossbow
55:20 Heavy Scorpion
Alpha Robeeert
14:44 Feudal Age
15:11 Double-Bit Axe
15:08 Fishing Lines
17:15 Wheelbarrow
16:34 Gold Mining
16:36 Stone Mining
17:19 Scale Barding Armor
17:25 Forging
21:12 Castle Age
22:17 Chain Barding Armor
22:11 Bow Saw
22:06 Husbandry
22:19 Gillnets
23:47 Stone Shaft Mining
28:28 Iron Casting
58:54 Light Cavalry
59:44 Bloodlines
64:01 Hand Cart
Everest_Эверест
9:55 Loom
12:26 Feudal Age
12:56 Double-Bit Axe
13:16 Fishing Lines
13:23 Fishing Lines
17:15 Gold Mining
21:19 Castle Age
20:57 Stone Mining
25:38 Fletching
28:00 Bodkin Arrow
44:20 Fervor
44:48 Stone Shaft Mining
46:20 Wheelbarrow
49:37 Forging
49:27 Scale Mail Armor
51:48 Forging
51:43 Scale Barding Armor
52:31 Horse Collar
53:42 Heavy Plow
54:02 Hand Cart
54:26 Iron Casting
53:42 Elite Skirmisher
54:29 Thumb Ring
55:43 Chain Barding Armor
55:57 Husbandry
56:07 Bloodlines
60:04 Imperial Age
58:42 Padded Archer Armor
60:58 Conscription
61:04 Elite War Elephant
Zanarkand
6:09 Loom
11:01 Feudal Age
12:26 Town Watch
17:36 Castle Age
16:11 Double-Bit Axe
20:17 Fervor
20:13 Gold Mining
20:14 Stone Mining
21:21 Wheelbarrow
23:26 Gold Shaft Mining
26:23 Husbandry
28:15 Scale Barding Armor
29:33 Bloodlines
30:03 Hand Cart
29:41 Horse Collar
30:17 Bow Saw
30:20 Fletching
30:49 Town Patrol
31:42 Bodkin Arrow
32:25 Ballistics
32:58 Corvinian Army
33:25 Heavy Plow
36:52 Imperial Age
35:26 Chain Barding Armor
35:12 Murder Holes
37:09 Thumb Ring
37:08 Padded Archer Armor
37:45 Elite Magyar Huszar
39:42 Recurve Bow
40:12 Parthian Tactics
40:24 Plate Barding Armor
39:44 Pikeman
40:09 Arson
42:12 Crop Rotation
43:54 Bracer
44:09 Leather Archer Armor
46:13 Ring Archer Armor
46:48 Chemistry
46:43 Conscription
46:24 Heavy Cavalry Archer
49:29 Hoardings
51:05 Scale Mail Armor
57:54 Siege Engineers
63:47 Halberdier
69:48 Spies/Treason
El Lobizon Chinchu
5:14 Loom
14:01 Feudal Age
15:18 Fishing Lines
15:59 Man-at-Arms
19:38 Castle Age
19:53 Pikeman
23:13 Stone Mining
24:12 Long Swordsman
27:23 Squires
27:08 Arson
Hemikoo
4:13 Loom
11:51 Feudal Age
18:48 Castle Age
20:46 Scale Barding Armor
20:52 Forging
23:32 Iron Casting
23:25 Chain Barding Armor
22:55 Fishing Lines
25:51 Murder Holes
26:58 Ballistics
27:56 Gillnets
34:10 Imperial Age
32:02 Marauders
35:54 Blast Furnace
35:30 Plate Barding Armor
35:41 Bloodlines
35:33 Husbandry
53:21 Wheelbarrow
54:47 Hand Cart
61:35 Light Cavalry
67:31 Cavalier
68:47 Paladin
71:57 Medium Warships
71:13 Demolition Ship
Lagi Gabut
17:24 Feudal Age
25:43 Castle Age
29:15 Fishing Lines
32:31 Hamask
34:49 Squires
34:09 Pikeman
35:29 Pikeman
36:17 Scale Mail Armor
36:49 Ballistics
46:06 Horse Collar
50:18 Imperial Age
53:38 Heavy Plow
53:35 Double-Bit Axe
53:42 Onager
54:38 Siege Engineers
55:57 Chemistry
56:56 Halberdier
58:15 Caravan
58:45 Coinage
60:57 Chain Mail Armor
60:53 Forging
61:00 Siege Onager
62:10 Murder Holes
64:09 Loom
65:02 Wheelbarrow
65:30 Elite Varangian Guard
66:47 Capped Ram
69:01 Hand Cart
Connection lost

Rejoining the realm…

Still unreachable

The connection could not be restored.

Session expired

The server has moved on; the page needs a fresh start.